 Dungeon Crawl Stone Soup version 0.31.0 (webtiles) character file.

Game seed: 11900254951731497326

421 qw the Shooter (level 6, 0/38 HPs)
             Began as a Gargoyle Hunter on Jan 19, 2024.
             Incinerated by a bombardier beetle (7 damage)
             ... with a burning spray
             ... on level 4 of the Dungeon.
             The game lasted 00:00:10 (2612 turns).

qw the Shooter (Gargoyle Hunter)                    Turns: 2612, Time: 00:00:11

Health: 0/38       AC: 11    Str: 15    XL:     6   Next: 94%
Magic:  6/6        EV: 11    Int:  9    God:
Gold:   253        SH:  0    Dex: 15    Spells: 5/5 levels left

rFire   . . .        a - +0 shortbow
rCold   . . .        (shield currently unavailable)
rNeg    + . .        b - +0 ring mail
rPois   inf          l - +0 helmet
rElec   +            (no cloak)
rCorr   .            (no gloves)
SInv    .            e - +0 pair of boots
Will    .....        d - amulet of regeneration
Stlth   +            (no ring)
HPRegen 1.06/turn    (no ring)
MPRegen 0.10/turn

%: no passive effects
@: on fire, glowing
A: sickness immunity, AC +4, negative energy resistance 1, electricity
resistance, torment resistance 1, petrification resistance
a: no special abilities


You were on level 4 of the Dungeon.
You visited 1 branch of the dungeon, and saw 4 of its levels.

You collected 253 gold pieces.


Innate Abilities, Weirdness & Mutations

You are immune to sickness and miasma.
Your stone body is resilient. (AC +4)
You are immune to poison.
You resist negative energy. (rN+)
You are resistant to electric shocks. (rElec)
You are resistant to unholy torment.
You are immune to petrification.


   Skills:
 - Level 4.1 Fighting
 - Level 7.0 Ranged Weapons
 + Level 1.7 Armour
 - Level 1.5 Dodging
 - Level 1.1 Stealth


You had 5 spell levels left.
You didn't know any spells.
Your spell library was empty.

Inventory:

Hand Weapons
 a - a +0 shortbow (weapon)
Armour
 b - a +0 ring mail (worn)
 e - a +0 pair of boots (worn)
 l - a +0 helmet (worn)
Jewellery
 d - an amulet of regeneration (around neck)
Scrolls
 c - a scroll of immolation {unknown}
Potions
 f - 3 potions of curing
 g - a potion of invisibility {unknown}
 i - a potion of degeneration {unknown}
 j - a potion of lignification {unknown}
 k - a potion of brilliance {unknown}
 m - a potion of enlightenment {unknown}
 n - a potion of berserk rage {unknown}
 o - a potion of attraction {unknown}
 p - a potion of resistance {unknown}

Dungeon Overview and Level Annotations

Branches:
Dungeon (4/15)
 Temple: D:4-7

Altars:

Shops:
D:1 [


Message History

The arrow hits the orc priest but does no damage.
You shoot an arrow.
The arrow hits the orc priest but does no damage.
The orc priest looks braver for a moment.
You shoot an arrow. The arrow barely misses the orc priest.
The orc priest hits you but does no damage. x2
You shoot an arrow.
The arrow closely misses the orc priest.
A kobold comes into view. It is wielding a +0 dagger.
The orc priest hits you but does no damage.
You shoot an arrow. The arrow barely misses the orc priest.
The orc priest completely misses you.
You shoot an arrow. The arrow hits the orc priest.
The orc priest is moderately wounded.
The orc priest hits you but does no damage.
You shoot an arrow. The arrow hits the orc priest.
The orc priest is heavily wounded.
The orc priest hits you but does no damage.
You shoot an arrow. The arrow hits the orc priest!
You kill the orc priest!
You shoot an arrow. The arrow hits the kobold!
You kill the kobold!
The bombardier beetle sprays incendiary fluid at you.
The burning spray misses you.
You shoot an arrow. The arrow hits the bombardier beetle.
The bombardier beetle is moderately wounded.
The bombardier beetle sprays incendiary fluid at you.
The burning spray hits you.
You are covered in liquid fire!
You shoot an arrow.
The arrow hits the bombardier beetle but does no damage.
The bombardier beetle is moderately wounded.
The liquid fire burns you!
You shoot an arrow.
The arrow barely misses the bombardier beetle.
The liquid fire burns you!
You shoot an arrow. The arrow hits the bombardier beetle.
The bombardier beetle is severely wounded.
The liquid fire burns you!
You die...

#....?.)..##.
#...........
#..........
#.........#
#.........#
#.........#
..........#
.......@..#
#......).....#
..........####
K....)..B....
.........##### #
....##.... .. ....
...## ..###
##...##.B ........
.......{####.#.....


You could see a bombardier beetle.

Vanquished Creatures
  Grinder (D:3)
  A bombardier beetle (D:3)
  A hound (D:4)
  An orc priest (D:4)
  An orc wizard (D:4)
  A sleepcap (D:3)
  2 adders
  A ribbon worm (D:2)
  3 dart slugs
  An orc (D:4)
  7 ball pythons
  2 bats
  6 endoplasms
  3 giant cockroaches
  12 goblins
  6 hobgoblins
  7 jackals (D:3)
  A quokka (D:4)
  3 frilled lizards
  6 kobolds
  4 rats
70 creatures vanquished.

Notes
Turn   | Place    | Note
-------+----------+-------------------------------------------
     0 | D:1      | qw the Gargoyle Hunter began the quest for the Orb.
     0 | D:1      | Reached XP level 1. HP: 12/12 MP: 1/1
     0 | D:1      | 0 ||| qw: Version: 0.3-a-132-g3d54051
     0 | D:1      | 0 ||| qw: Game counter: 251
     0 | D:1      | 0 ||| qw: Melee chars always use a shield: true
     0 | D:1      | 0 ||| qw: God list: Okawaru
     0 | D:1      | 0 ||| qw: Allow faded altars: false
     0 | D:1      | 0 ||| qw: Do Orc after clearing Dungeon:15 true
     0 | D:1      | 0 ||| qw: Do second Lair branch before Depths: true
     0 | D:1      | 0 ||| qw: Lair rune preference: random
     0 | D:1      | 0 ||| qw: Goals: Normal
     0 | D:1      | 0 ||| PLANNING D:1-11
    87 | D:1      | Found Jithrad's Armour Shoppe.
    87 | D:1      | Noticed an animated plate armour
    87 | D:1      | Noticed an animated shadow dragon scales
    96 | D:1      | 96 ||| SHOPLISTING +0 pair of boots (54 gold, have 9).
    96 | D:1      | 96 ||| SHOPLISTING +1 helmet of see invisible (198 gold,
                  | have 9).
    96 | D:1      | 96 ||| SHOPLISTING +2 pair of gloves of stealth (258 gold,
                  | have 9).
    96 | D:1      | 96 ||| SHOPLISTING +2 robe of willpower (212 gold, have 9).
   149 | D:1      | Reached XP level 2. HP: 17/17 MP: 2/2
   778 | D:1      | 778 ||| UPGRADING to +0 pair of boots.
   783 | D:1      | 783 ||| UPGRADING to amulet of regeneration.
   788 | D:1      | 788 ||| DROPPING ring of flight.
   789 | D:1      | 789 ||| READING scroll labelled GUMA QEICAL.
   790 | D:1      | 790 ||| DRINKING 2 cyan potions.
   791 | D:1      | 791 ||| DROPPING scroll of butterflies.
   792 | D:1      | 792 ||| DROPPING potion of magic.
   990 | D:2      | 990 ||| FLEEEEING.
   991 | D:2      | 991 ||| FLEEEEING.
   992 | D:2      | 992 ||| FLEEEEING.
   995 | D:2      | 995 ||| FLEEEEING.
   996 | D:2      | 996 ||| FLEEEEING.
  1047 | D:2      | Reached XP level 3. HP: 21/21 MP: 3/3
  1111 | D:2      | Reached skill level 5 in Ranged Weapons
  1117 | D:2      | Found a faded altar of an unknown god.
  1548 | D:2      | 1548 ||| UPGRADING to +0 helmet.
  1553 | D:2      | 1553 ||| READING scroll labelled KIMOAKA YNLO.
  1554 | D:2      | 1554 ||| READING scroll labelled COEDOI DYBEH.
  1554 | D:2      | 1554 ||| IDENTIFYING bubbling clear potion
  1555 | D:2      | 1555 ||| READING 2 scrolls labelled ITWUHE ZYILIODGH.
  1581 | D:3      | Reached skill level 3 in Fighting
  1636 | D:3      | 1636 ||| FLEEEEING.
  1661 | D:3      | Reached XP level 4. HP: 28/28 MP: 4/4
  1667 | D:3      | Reached skill level 1 in Armour
  2181 | D:3      | Noticed Grinder
  2190 | D:3      | Paralysed by Grinder for 2 turns
  2199 | D:3      | Killed Grinder
  2200 | D:3      | Reached skill level 6 in Ranged Weapons
  2200 | D:3      | Reached XP level 5. HP: 25/32 MP: 5/5
  2200 | D:3      | Reached XP level 6. HP: 29/37 MP: 6/6
  2260 | D:3      | 2260 ||| FLEEEEING.
  2481 | D:3      | 2481 ||| UPGRADING to +0 ring mail.
  2491 | D:3      | 2491 ||| DROPPING +0 leather armour.
  2492 | D:3      | 2492 ||| READING scroll labelled EFYEPLO QUTT.
  2573 | D:4      | 2573 ||| RETREEEEATING.
  2574 | D:4      | 2574 ||| RETREEEEATING.
  2591 | D:4      | HP: 4/38 [orc priest/divine providence (13)]
  2592 | D:4      | 2592 ||| READING scroll of teleportation.
  2595 | D:4      | Reached skill level 7 in Ranged Weapons
  2597 | D:4      | HP: 1/38 [orc priest/divine providence (10)]
  2611 | D:4      | HP: 6/38 [burnt (7)]
  2612 | D:4      | Incinerated by a bombardier beetle

Levels and vault maps discovered:
D:1:      ebering_trefoil_twist, layout_loops_corners, serial_shops,
          nicolae_shop_mannequins, minmay_misc_feat_four_crosses
D:2:      layout_loops_ring, nicolae_ecumenical_snake_handling
D:3:      layout_basic, minmay_goblin_outpost, uniq_grinder
D:4:      layout_rooms, general_overflow_altar, serial_shops, shop

Skill      XL: |  1  2  3  4  5  6 |
---------------+-------------------+-----
Ranged Weapons | 5 6 7 |  7.0
Fighting       | 3 4 |  4.1
Armour         | 1 |  1.7
Dodging        | |  1.5
Stealth        | |  1.1

Action                     |  1- 3 |  4- 6 || total
---------------------------+-------+-------++-------
   Fire: Shortbow          |   138 |   127 ||   265
    Use: Scroll            |     4 |     2 ||     6
         Potion            |     1 |       ||     1
 Armour: Leather armour    |    53 |    28 ||    81
         Ring mail         |       |    28 ||    28
  Dodge: Dodged            |    59 |    36 ||    95

Table legend:
 A = Non-vault XP
 B = Vault XP
 C = Vault XP percentage of total XP
 D = Non-vault monster count
 E = Vault monster count
 F = Vault count percentage of total count
                 A         B        C        D         E       F
            +---------+---------+-------+---------+---------+-------
      Total |     312 |     290 |  48.2 |      60 |      10 |  14.3
            +---------+---------+-------+---------+---------+-------
        D:1 |      19 |       0 |   0.0 |      10 |       0 |   0.0
        D:2 |      30 |      17 |  36.2 |      14 |       3 |  17.6
        D:3 |     124 |     273 |  68.8 |      25 |       7 |  21.9
        D:4 |     139 |       0 |   0.0 |      11 |       0 |   0.0
            +---------+---------+-------+---------+---------+-------
